Map: Newkirk Precinct TE (Void)

Players

Railgan

  • Race: Zerg Zerg
  • League: Grandmaster
  • Spawn Location: 5:00

starkiller - Winner!

  • Race: Zerg Zerg
  • League: Master
  • Spawn Location: 7:00

VOD

Have the link to the VOD?

Description

Time

  • Played on: March 13, 2017, 7:26 p.m.
  • Length: 13:06
Show
View Real Time Build Order
Export as new Build Order

Railgan Zerg 

Build Orders: Pool First 

Get SALT Encoding   

  12  0:01  Drone  
  13  0:13  Overlord  
  13  0:18  Drone  
  14  0:31  Drone x2  
  14  0:35  Drone  
  17  0:46  Spawning Pool  
  17  0:49  Drone  
  17  0:56  Drone  
  18  1:13  Hatchery  
  18  1:14  Extractor  
  18  1:17  Drone  
  17  1:20  Drone  
  18  1:34  Queen  
  18  1:35  Zergling x2  
  21  1:41  Drone  
  22  1:49  Overlord  
  22  2:08  Drone  
  22  2:10  Queen  
  22  2:14  Drone  
  26  2:19  Baneling Nest  
  25  2:25  Queen  
  25  2:29  Zergling x2  
  28  2:31  Drone  
  28  2:36  Metabolic Boost  
  29  2:39  Drone x2  
  29  2:43  Drone  
  32  2:45  Drone  
  32  2:49  Drone  
  34  2:54  Overlord  
  34  2:57  Drone  
  35  3:07  Roach Warren  
  35  3:09  Drone x2  
  35  3:11  Overlord  
  36  3:18  Zergling x4  
  38  3:30  Hatchery  
  37  3:48  Roach x6  
  49  3:56  Zergling x6  
  49  4:00  Overlord  
  52  4:06  Overlord  
  52  4:16  Overlord  
  52  4:19  Zergling x2  
  52  4:20  Zergling x8  
  56  4:28  Zergling x4  
  56  4:29  Zergling x2  
  59  4:32  Ravager x2  
  59  4:36  Zergling x4  
  63  4:38  Overlord  
  63  4:45  Ravager  
  64  4:54  Zergling x2  
  64  4:55  Zergling x14  
  72  5:05  Zergling x8  
  71  5:22  Zergling x2  
  71  5:25  Zergling x2  
  71  5:26  Zergling x2  
  71  5:27  Zergling x2  
  65  5:32  Zergling x2  
  60  5:40  Zergling x2  
  58  5:45  Zergling x6  
  58  5:48  Zergling x2  
  55  5:56  Zergling x2  
  55  5:57  Zergling x10  
  58  6:01  Roach x2  
  58  6:03  Zergling x2  
  64  6:06  Roach  
  64  6:07  Roach  
  61  6:20  Roach, Zergling x8  
  61  6:21  Zergling x2  
  65  6:32  Roach  
  62  6:37  Zergling x16  
  68  6:45  Zergling x4  
  68  6:46  Ravager  
  71  6:47  Ravager  
  64  7:01  Zergling x2  
  64  7:02  Zergling x10, Queen  
  64  7:08  Ravager, Zergling x2  
  73  7:09  Zergling x4  
  73  7:15  Zergling x6  
  79  7:24  Drone x2, Overlord  
  78  7:37  Zergling x12  
  78  7:38  Zergling x4  
  78  7:40  Ravager  
  85  7:56  Zergling x8  
  75  8:00  Zergling x2  
  75  8:01  Zergling x2  
  75  8:05  Zergling x6  
  72  8:19  Zergling x18  
  78  8:21  Ravager  
  78  8:26  Roach x2  
  83  8:27  Zergling x2  
  83  8:33  Roach  
  81  8:42  Roach  
  81  8:43  Zergling x8  
  81  8:47  Zergling x2  
  79  9:02  Zergling x2  
  63  9:04  Roach x2  
  60  9:18  Roach x3  
  60  9:19  Zergling x12  
  71  9:25  Zergling x4  
  71  9:28  Roach  
  71  9:30  Zergling x16  
  83  9:33  Drone  
  83  9:34  Extractor  
  83  9:40  Zergling x2  
  84  9:46  Zergling x2  
  84  9:47  Zergling x2  
  84  9:55  Zergling x2  
  84  9:56  Zergling x8  
  88  10:04  Overlord  
  88  10:05  Ravager  
  89  10:08  Zergling x2  
  89  10:09  Overlord  
  90  10:15  Overlord  
  90  10:16  Overlord  
  90  10:28  Zergling x2  
  90  10:29  Zergling x18  
  90  10:32  Ravager  
  101  10:38  Zergling x2  
  101  10:41  Zergling x2  
  102  10:46  Zergling x10  
  106  10:50  Overlord  
  106  10:53  Ravager x2  
  106  10:56  Zergling x2  
  109  11:02  Zergling x6  
  112  11:07  Ravager  
  113  11:13  Zergling x10  
  117  11:22  Zergling x2  
  117  11:23  Ravager  
  119  11:27  Overlord  
  119  11:34  Overlord  
  114  11:49  Zergling x18  
  114  11:50  Ravager x2  
  118  11:56  Overlord  
  118  11:57  Zergling x6  
  86  12:26  Roach x7  
  86  12:27  Roach x2  
  86  12:29  Zergling x2  
  99  12:35  Zergling x6  
  101  12:43  Zergling x2  
Show
View Real Time Build Order
Export as new Build Order

starkiller Zerg - Winner!

Build Orders: Hatch First 

Get SALT Encoding   

  12  0:00  Drone  
  13  0:10  Drone  
  13  0:13  Extractor  
  13  0:15  Drone  
  15  0:23  Overlord  
  15  0:43  Drone x2  
  17  0:55  Hatchery  
  16  0:58  Drone  
  16  1:00  Drone  
  18  1:14  Spawning Pool  
  18  1:17  Drone  
  18  1:30  Drone x2  
  20  1:42  Overlord  
  20  1:49  Drone  
  21  1:59  Drone  
  22  2:08  Drone, Queen  
  23  2:09  Queen  
  23  2:10  Zergling x2  
  23  2:15  Spine Crawler  
  27  2:18  Zergling x2  
  27  2:21  Drone  
  29  2:32  Drone x2  
  31  2:39  Drone  
  31  2:42  Drone  
  33  2:45  Queen x2  
  33  2:46  Extractor x2  
  35  3:00  Overlord  
  35  3:11  Drone  
  36  3:19  Drone x7  
  43  3:20  Overlord  
  43  3:21  Overlord  
  43  3:22  Drone  
  44  3:31  Overlord  
  44  3:37  Lair  
  44  3:41  Evolution Chamber  
  43  3:42  Evolution Chamber  
  43  3:46  Drone  
  43  3:47  Drone  
  44  3:50  Drone  
  43  4:03  Roach Warren  
  42  4:10  Zerg Ground Armor Level 1  
  42  4:12  Drone x6  
  42  4:16  Drone x2  
  50  4:19  Extractor x2  
  50  4:23  Overlord  
  48  4:31  Zerg Missile Weapons Level 1  
  48  4:35  Drone  
  48  4:37  Drone x2  
  51  4:40  Drone x2  
  53  4:48  Glial Reconstitution  
  53  4:49  Roach x2  
  53  4:51  Roach  
  59  4:53  Roach  
  59  4:55  Roach  
  63  5:01  Evolution Chamber, Roach  
  63  5:02  Roach  
  63  5:04  Overlord  
  66  5:22  Roach  
  66  5:23  Roach  
  66  5:28  Roach x4  
  60  5:37  Roach x3  
  59  5:46  Roach  
  53  5:55  Roach  
  53  5:56  Roach  
  53  5:58  Roach  
  53  6:02  Roach  
  55  6:21  Roach x2  
  57  6:32  Roach  
  57  6:33  Roach  
  57  6:36  Roach  
  57  6:39  Drone  
  58  6:41  Zerg Missile Weapons Level 2  
  58  6:44  Drone x2  
  54  7:02  Roach x2  
  54  7:03  Roach  
  54  7:08  Overlord  
  60  7:09  Overlord  
  60  7:10  Overlord  
  60  7:24  Overlord  
  60  7:27  Roach x3  
  60  7:28  Evolution Chamber  
  67  7:31  Roach  
  67  7:35  Roach  
  71  7:40  Roach Warren  
  71  7:43  Overlord  
  48  8:20  Roach x9  
  48  8:23  Queen  
  68  8:38  Roach x2  
  65  8:43  Roach x2  
  67  9:00  Roach  
  67  9:01  Roach  
  65  9:07  Roach  
  67  9:18  Roach x3  
  73  9:26  Roach x2  
  77  9:34  Zerg Ground Armor Level 2  
  77  9:38  Hatchery  
  76  9:40  Ravager x3  
  76  9:41  Ravager  
  80  9:46  Drone x2  
  82  10:02  Roach x2  
  82  10:04  Roach  
  88  10:08  Hatchery  
  88  10:13  Roach x2  
  91  10:25  Roach  
  91  10:27  Roach  
  91  10:28  Roach x2  
  99  10:34  Overlord  
  97  10:51  Roach  
  97  10:52  Overlord  
  97  10:53  Overlord  
  99  11:00  Roach x2  
  103  11:09  Drone x2  
  105  11:14  Roach x2  
  109  11:19  Roach  
  111  11:26  Roach x2  
  111  11:28  Roach  
  111  11:31  Roach  
  119  11:40  Overlord, Roach  
  115  11:51  Roach x4  
  123  11:58  Roach x2  
  123  12:00  Roach  
  129  12:03  Roach  
  135  12:08  Roach x2  
  127  12:26  Roach x4  
  127  12:27  Roach  
  127  12:29  Ravager  
  138  12:38  Overlord  
Tags
 
Add a new tag
Caveats
  • Supply blocks, unpowered buildings, or Contaminate may cause inaccurate times.
  • Supply counts are checked every 10 seconds.